 Dungeon Crawl Stone Soup version 0.27-a0-1196-g3e9cee4cb2 (webtiles) character file.

Game seed: 8233393515844005244

7711 Glokmah the Pacifist (level 11, -8/81 HPs)
             Began as a Djinni Fire Elementalist on May 28, 2021.
             Was an Elder of Elyvilon.
             Mangled by a skeletal warrior
             ... wielding a +0 battleaxe
              (31 damage)
             ... on level 8 of the Dungeon.
             The game lasted 00:25:19 (10779 turns).

Glokmah the Pacifist (Djinni Fire Elementalist)    Turns: 10779, Time: 00:25:20

Health: -8/81      AC:  7    Str:  7    XL:     11   Next: 42%
Gold:   363        EV: 11    Int: 20    God:    Elyvilon [****..] SH:  0 Dex: 14

rFire    + + +     SeeInvis .   m - +1 dagger (venom)
rCold    x . .     Faith    .   (no shield)
rNeg     . . .     Spirit   .   f - +2 leather armour {rF+}
rPois    ∞         Reflect  .   (no helmet)
rElec    .         Harm     .   p - +1 cloak
rCorr    .         Rampage  .   (no gloves)
Will     +....                  (boots unavailable)
Stlth    ++........             (no amulet)
HPRegen  0.23/turn              k - +4 ring of slaying
MPRegen  0.00/turn              (no ring)

@: flying
A: sickness immunity, fire resistance 2, cold vulnerability 1, float, innate
caster, hp casting, extra vitality 1
a: Renounce Religion, Lesser Healing, Heal Other, Purification, Greater Healing,
Divine Protection


You were on level 8 of the Dungeon.
You worshipped Elyvilon.
Elyvilon was greatly pleased with you.
You visited 1 branch of the dungeon, and saw 8 of its levels.

You collected 363 gold pieces.

Inventory:

Hand Weapons
 m - a +1 dagger of venom (weapon)
Missiles
 n - 21 poisoned darts (quivered)
 q - 4 curare-tipped darts
Armour
 f - a +2 leather armour of fire resistance (worn)
 p - a +1 cloak (worn)
Magical Staves
 r - a staff of cold
Jewellery
 k - a +4 ring of slaying (left hand)
 v - a ring of ice
Wands
 g - a wand of flame (13)
 i - a wand of polymorph (3)
 t - a wand of mindburst (32)
 u - a wand of iceblast (14)
 x - a wand of charming (6)
Scrolls
 c - 5 scrolls of vulnerability
 j - 2 scrolls of teleportation
 w - a scroll of identify
 y - a scroll of fog
Potions
 a - 5 potions of brilliance
 b - 5 potions of curing
 d - 6 potions of might
 e - 2 potions of lignification
 h - 2 potions of haste
 l - a potion of attraction
 o - a potion of invisibility
 s - a potion of flight
 z - a potion of heal wounds
 A - a potion of magic {unknown}


   Skills:
 + Level 8.1 Fighting
 - Level 2.1 Dodging
 - Level 1.5 Stealth
 * Level 9.3 Spellcasting
 * Level 9.4 Invocations


You couldn't memorise any spells.
You knew the following spells:

 Your Spells              Type           Power      Damage    Failure   Level
a - Foxfire               Conj/Fire      100%       2x1d9     1%          1
b - Magic Dart            Conj           100%       1d8       1%          1
c - Inner Flame           Hex/Fire       46%        N/A       1%          3
d - Sticky Flame          Conj/Fire      46%        2d6       2%          4
e - Fireball              Conj/Fire      23%        3d11      7%          5
f - Fulminant Prism       Conj/Hex       23%        3d13      2%          4
g - Airstrike             Air            23%        N/A       2%          4
h - Call Canine Familiar  Summ           46%        N/A       1%          3
i - Wereblood             Tmut           46%        N/A       1%          2
j - Conjure Flame         Conj/Fire      46%        6-21      1%          3
Your spell library was empty.

Dungeon Overview and Level Annotations

Branches:
Dungeon (8/15)             Temple (0/1) D:6
   Lair: D:8-11

Altars:
Cheibriados
Dithmenos
Elyvilon
Kikubaaqudgha
Okawaru

Annotations:
D:6 2 transporters
D:8 1 runed translucent door


Innate Abilities, Weirdness & Mutations

You are immune to sickness and miasma.
You are immune to poison.
Your flesh is very heat resistant. (rF++)
You are vulnerable to cold. (rC-)
You float through the air rather than walking.
You learn spells naturally, not from books.
Your magical power is your life essence.
You have superior vitality. (+4 HP)


Message History

The skeletal warrior hits you with a +0 battleaxe!!
Casting: Conjure Flame (safe; 1% risk of failure)
Confirm with . or Enter, or press ? or * to list all spells.
Aiming: Inner Flame (safe; 1% risk of failure)
Press: ? - help, Shift-Dir - straight line, f - skeletal warrior
Aim: a skeletal warrior, wielding a +0 battleaxe (lightly damaged, chance to affect: 33%)
Okay, then.
Casting: Inner Flame (safe; 1% risk of failure)
Confirm with . or Enter, or press ? or * to list all spells.
Aiming: Sticky Flame (dangerous; 2% risk of failure)
Press: ? - help, Shift-Dir - straight line, f - skeletal warrior
Aim: a skeletal warrior, wielding a +0 battleaxe (lightly damaged, 100% to hit)
The sticky flame hits the skeletal warrior but does no damage.
The skeletal warrior is lightly damaged.
The skeletal warrior is covered in liquid flames!
* * * LOW HITPOINT WARNING * * *
The skeletal warrior burns!
The skeletal warrior hits you with a +0 battleaxe!
* * * LOW HITPOINT WARNING * * *
The skeletal warrior burns!
The skeletal warrior burns!
The skeletal warrior burns!
You see here a +0 dagger.
The skeletal warrior burns!
The skeletal warrior stops burning.
Casting: Sticky Flame (dangerous; 2% risk of failure)
Confirm with . or Enter, or press ? or * to list all spells.
Aiming: Sticky Flame (dangerous; 2% risk of failure)
Press: ? - help, Shift-Dir - straight line, f/p - skeletal warrior
Aim: a skeletal warrior, wielding a +0 battleaxe (moderately damaged, 100% to hit)
The sticky flame hits the skeletal warrior.
The skeletal warrior is moderately damaged.
The skeletal warrior is covered in liquid flames!
* * * LOW HITPOINT WARNING * * *
The skeletal warrior burns!
The skeletal warrior hits you with a +0 battleaxe!
* * * LOW HITPOINT WARNING * * *
The skeletal warrior burns!
You are healed.
The skeletal warrior burns!
The skeletal warrior hits you with a +0 battleaxe!!
You die...

###..##.#....#
###..#.##...#####
###C.###.##.......##
###..###..###........#
####..###..#####..#...#.#
.##.###..###..##..##.##.#
#.)#####....#.##.)...##.#
####.#####.##.##..#######
###..#..####..##@.#
#..#†#..([####.#z.#
#.##.#.....###.#..#
#.##.#...###..##).#
#.##...###..####..#
...#.###..#### #..#
#)##.#..####.. #..#
#)##..####...# #..#
#.######...#.# #..#


You could see a skeletal warrior (burning).

Vanquished Creatures
  A centaur warrior (D:8)
  A two-headed ogre (D:8)
  An ugly thing (D:7)
  A cyclops (D:7)
  A komodo dragon (D:6)
  Grinder (D:4)
  Sigmund (D:4)
  10 yaks
  A vampire mosquito (D:8)
  An acid dragon (D:8)
  Edmund (D:4)
  2 water moccasins
  An orc warrior (D:8)
  Duvessa (D:5)
  A hornet zombie (D:7)
  2 ice beasts
  3 black bears
  2 ogres
  3 phantoms
  2 kobold brigands
  Blork the orc (D:4)
  3 bullfrogs (D:8)
  4 scorpions
  A wyvern zombie (D:8)
  Dowan (D:5)
  A water moccasin skeleton (D:5)
  6 killer bees (D:8)
  A vampire bat (D:5)
  2 howler monkeys
  2 bullfrog zombies
  A centaur zombie (D:8)
  A hound (D:5)
  4 jellies
  2 gnoll shamans
  An orc priest (D:8)
  Jessica (D:2)
  A bullfrog skeleton (D:7)
  3 iguanas
  9 gnolls
  A howler monkey zombie (D:8)
  3 adders
  2 howler monkey skeletons
  A shadow imp (D:6)
  A white imp (D:6)
  An ufetubus (D:7)
  An adder skeleton (D:4)
  4 dart slugs
  3 fire bats (D:5)
  13 orcs
  2 spectral bats (D:5)
  3 bat skeletons (D:5)
  A bat zombie (D:5)
  8 endoplasms
  A giant cockroach (D:4)
  5 goblins
  5 hobgoblins
  15 jackals
  5 quokkas
  5 ball pythons
  13 bats
  A bat simulacrum (D:5)
  4 frilled lizards
  14 kobolds
  5 rats
199 creatures vanquished.

Vanquished Creatures (others)
  564 foxfires
  2 fulminant prisms (D:8)
  12 plants (D:7)
578 creatures vanquished.

Grand Total: 777 creatures vanquished

Notes
Turn   | Place    | Note
-------+----------+-------------------------------------------
     0 | D:1      | Glokmah the Djinni Fire Elementalist began the quest for
                  | the Orb.
     0 | D:1      | Reached XP level 1. HP: 15/15 MP: 0/0
   344 | D:1      | Reached XP level 2. HP: 19/22 MP: 0/0
   413 | D:1      | Reached skill level 1 in Fighting
   413 | D:1      | Reached XP level 3. HP: 7/27 MP: 0/0
   413 | D:1      | Learned a level 1 spell: Magic Dart
  1420 | D:2      | Found a white marble altar of Elyvilon.
  1427 | D:2      | Became a worshipper of Elyvilon the Healer
  1513 | D:2      | Noticed Jessica
  1524 | D:2      | Killed Jessica
  1525 | D:2      | Reached XP level 4. HP: 7/33 MP: 0/0
  2146 | D:2      | Reached skill level 1 in Invocations
  2834 | D:3      | Reached * piety under Elyvilon
  2845 | D:3      | Reached XP level 5. HP: 35/38 MP: 0/0
  2845 | D:3      | Learned a level 2 spell: Wereblood
  2970 | D:3      | You are sucked into a shaft and drop 1 floor!
  2971 | D:4      | Noticed an ogre
  2973 | D:4      | Killed an ogre
  2974 | D:4      | Reached XP level 6. HP: 42/45 MP: 0/0
  3315 | D:4      | Noticed Blork the orc
  3321 | D:4      | Killed Blork the orc
  3322 | D:4      | Reached XP level 7. HP: 46/50 MP: 0/0
  3322 | D:4      | Learned a level 3 spell: Call Canine Familiar
  3678 | D:3      | Reached ** piety under Elyvilon
  3847 | D:3      | Found a faded altar of an unknown god.
  4121 | D:4      | Noticed Grinder
  4612 | D:4      | Reached skill level 5 in Spellcasting
  4628 | D:4      | Killed Grinder
  4629 | D:4      | Reached XP level 8. HP: 18/58 MP: 0/0
  4929 | D:4      | You are sucked into a shaft and drop 3 floors!
  5001 | D:7      | Noticed a purple ugly thing
  5005 | D:7      | Noticed a cyclops
  5018 | D:7      | Killed a purple ugly thing
  5019 | D:7      | Reached skill level 5 in Fighting
  5019 | D:7      | Reached XP level 9. HP: 33/65 MP: 0/0
  5019 | D:7      | Learned a level 4 spell: Airstrike
  5176 | D:7      | Reached *** piety under Elyvilon
  5272 | D:6      | Found a shadowy altar of Dithmenos.
  5300 | D:6      | Reached skill level 5 in Invocations
  5423 | D:6      | Noticed a six-headed hydra
  5424 | D:6      | Noticed a green ugly thing
  5425 | D:6      | Found a transporter.
  5426 | D:6      | Found a snail-covered altar of Cheibriados.
  5441 | D:6      | Found a transporter.
  5451 | D:6      | Noticed a komodo dragon
  5466 | D:6      | Killed a komodo dragon
  5529 | D:5      | Entered Level 5 of the Dungeon
  5676 | D:4      | Noticed Sigmund
  5681 | D:4      | Killed Sigmund
  5833 | D:4      | Noticed Edmund
  5842 | D:4      | Killed Edmund
  6110 | D:5      | Noticed Duvessa
  6113 | D:5      | Noticed Dowan
  6117 | D:5      | Killed Duvessa
  6117 | D:5      | Killed Dowan
  6550 | D:5      | Reached XP level 10. HP: 69/73 MP: 0/0
  6962 | D:5      | Reached **** piety under Elyvilon
  7684 | D:6      | Found a staircase to the Ecumenical Temple.
  8228 | D:7      | Killed a cyclops
  9435 | D:8      | Found an iron altar of Okawaru.
  9675 | D:8      | Reached XP level 11. HP: 25/79 MP: 0/0
  9675 | D:8      | Learned a level 4 spell: Fulminant Prism
  9796 | D:8      | Noticed a two-headed ogre
  9803 | D:8      | Killed a two-headed ogre
 10675 | D:8      | Found a runed translucent door.
 10675 | D:8      | Found a runed translucent door.
 10675 | D:8      | Noticed a skeletal warrior
 10675 | D:8      | Noticed a centaur warrior
 10675 | D:8      | Noticed a cyclops
 10696 | D:8      | Killed a centaur warrior
 10779 | D:8      | Mangled by a skeletal warrior

Illustrated notes

Levels and vault maps discovered:
D:1:      pf_arrival_petrified_forest, layout_loops_ring
D:2:      layout_basic, basic_altar, chequers_mini_garden, uniq_jessica
D:3:      layout_basic, shapermc_ecumenical_altar_mp_ritualfount,
          minmay_misc_feat_x
D:4:      minmay_skewed_foursquare, layout_rooms, uniq_blork_the_orc,
          uniq_grinder, uniq_edmund, uniq_sigmund
D:5:      layout_loops_ring, goddamned_bats, uniq_duvessa
D:6:      layout_loops_ring, gammafunk_temple_overflow_arena,
          nicolae_dithmenos_the_darkroom, minmay_temple_entry_nine_rooms
D:7:      lemuel_ice_spiral_2, layout_basic, serial_bayou, serial_bayou_pond_b,
          serial_bayou_lagoon_a, serial_bayou_pond_a, serial_bayou_crossing
D:8:      minmay_the_grid_triangle_9x9_rhombus_full
          [minmay_the_grid_triangle_9x9_skeleton,
          minmay_the_grid_triangle_9x9_tough_junction,
          minmay_the_grid_triangle_9x9_steps,
          minmay_the_grid_triangle_9x9_cache,
          minmay_the_grid_triangle_9x9_longest,
          minmay_the_grid_triangle_9x9_fully_insulated_deathbox,
          minmay_the_grid_triangle_9x9_pentomino_pain,
          minmay_the_grid_triangle_9x9_prize_special], layout_basic,
          zin_academy, okawaru_trees_2, minmay_strange_pillars,
          hangedman_decor_push

Skill      XL: |  1  2  3  4  5  6  7  8  9 10 11 |
---------------+----------------------------------+-----
Fighting       | 1 2 3 4 5 6 7 8 |  8.1
Spellcasting   | 3 4 5 6 7 8 9 |  9.3
Invocations    | 1 2 3 4 6 8 9 |  9.4
Dodging        | |  2.1
Stealth        | |  1.5

Action                   |  1- 3 |  4- 6 |  7- 9 | 10-12 || total
-------------------------+-------+-------+-------+-------++-------
Melee: Dagger            |       |       |       |    16 ||    16
 Cast: Foxfire           |    31 |    41 |   132 |   133 ||   337
       Magic Dart        |    27 |    30 |    44 |    91 ||   192
       Conjure Flame     |     1 |     3 |       |     3 ||     7
       Inner Flame       |       |     2 |     4 |    15 ||    21
       Sticky Flame      |       |       |     8 |     8 ||    16
       Fireball          |       |       |       |     8 ||     8
       Fulminant Prism   |       |       |       |     2 ||     2
       Wereblood         |       |       |       |     1 ||     1
Invok: Lesser Healing    |       |       |     1 |       ||     1
       Greater Healing   |       |       |       |     5 ||     5
  Use: Scroll            |       |       |     9 |     5 ||    14
Armor: Leather armour    |     1 |     6 |    20 |    68 ||    95
Dodge: Dodged            |     4 |     7 |    25 |   104 ||   140

Table legend: (Time is in decaauts)
 A = Elapsed time spent in this place.
 B = Non-inter-level travel time spent in this place.
 C = Inter-level travel time spent in this place.
 D = Time resting spent in this place.
 E = Time spent auto-exploring this place.
 F = Levels seen in this place.
 G = Mean time per level.
                   A        B        C        D        E       F      G
               +--------+--------+--------+--------+--------+-----+--------+
         Total |  10788 |  10339 |    449 |   2698 |   5907 |   8 | 1348.5 |
       Dungeon |  10788 |  10339 |    449 |   2698 |   5907 |   8 | 1348.5 |
               +--------+--------+--------+--------+--------+-----+--------+

Top non-repeatable levels by time:
     D:8: 1683 daAuts
     D:6: 1612 daAuts
     D:1: 1409 daAuts
     D:3: 1325 daAuts
     D:2: 1291 daAuts
     D:4: 1283 daAuts
     D:5: 1216 daAuts
     D:7: 966 daAuts
